 Dungeon Crawl Stone Soup version 0.31-a0-202-g547052bce9 (webtiles) character file.

Game seed: 10802931526472582864

141 qw the Skirmisher (level 5, -5/29 HPs)
             Began as a Deep Elf Hunter on June 26, 2023.
             Killed from afar by an orc wizard (7 damage)
             ... with a magic dart
             ... on level 3 of the Dungeon.
             The game lasted 00:00:47 (1541 turns).

qw the Skirmisher (Deep Elf Hunter)                 Turns: 1541, Time: 00:00:47

Health: -5/29      AC:  6    Str: 10    XL:     5   Next: 3%
Magic:  7/7        EV: 16    Int: 14    God:
Gold:   225        SH:  0    Dex: 18    Spells: 4/4 levels left

rFire   . . .        Y - +0 shortbow
rCold   . . .        (shield currently unavailable)
rNeg    . . .        d - +0 ring mail
rPois   .            (no helmet)
rElec   .            (no cloak)
rCorr   .            g - +0 pair of gloves
SInv    .            (no boots)
Will    .....        (no amulet)
Stlth   +            e - +5 ring of evasion
HPRegen 0.24/turn    (no ring)
MPRegen 0.10/turn

%: no passive effects
@: no status effects
A: no striking features
a: no special abilities


You were on level 3 of the Dungeon.
You visited 1 branch of the dungeon, and saw 3 of its levels.

You collected 225 gold pieces.


   Skills:
 - Level 1.5 Fighting
 + Level 8.4 Ranged Weapons
 - Level 2.4 Dodging
 - Level 1.2 Stealth


You had 4 spell levels left.
You didn't know any spells.
Your spell library was empty.

Inventory:

Hand Weapons
 Y - a +0 shortbow (weapon)
Armour
 d - a +0 ring mail (worn)
 g - a +0 pair of gloves (worn)
Jewellery
 e - a +5 ring of evasion (left hand)
Scrolls
 c - a scroll of identify
 h - a scroll of enchant weapon {unknown}
Potions
 a - a potion of brilliance {unknown}
 b - a potion of mutation
 f - a potion of enlightenment {unknown}

Dungeon Overview and Level Annotations

Branches:
Dungeon (3/15)

Altars:

Annotations:
D:2 1 runed translucent door, Crazy Yiuf


Message History

You kill the orc!
You shoot an arrow. The arrow barely misses the orc wizard.
The orc wizard hits you with a +0 dagger.
The orc barely misses you.
You shoot an arrow. The arrow barely misses the orc wizard.
The orc wizard misses you. The orc closely misses you.
You shoot an arrow.
The arrow closely misses the orc wizard.
The orc wizard misses you. The orc misses you.
You shoot an arrow. The arrow hits the orc wizard.
The orc wizard is moderately wounded.
The orc wizard barely misses you. The orc closely misses you.
You shoot an arrow.
The arrow completely misses the orc wizard.
The orc wizard casts a spell at you. You resist with some effort.
The orc hits you with a +0 flail.
You shoot an arrow.
The arrow hits the orc wizard but does no damage.
The orc wizard is moderately wounded.
The orc wizard barely misses you. The orc hits you but does no damage.
The orc wizard barely misses you. The orc hits you with a +0 flail.
You shoot an arrow. The arrow hits the orc wizard.
The orc wizard is heavily wounded.
The orc wizard closely misses you. The orc hits you with a +0 flail.
You shoot an arrow.
The arrow completely misses the orc wizard.
The orc wizard casts a spell at you.
You are confused.
The orc misses you.
The orc wizard points at you and mumbles some strange words.
The puff of flame misses you. The orc hits you with a +0 flail.
The orc wizard hits you with a +0 dagger.
The orc barely misses you.
The orc wizard hits you with a +0 dagger.
The orc barely misses you. The orc wizard misses you.
The orc barely misses you.
You feel less confused.
The orc wizard points at you and mumbles some strange words.
The magic dart hits you!
You die...

#............#
#[...........#
#............#
##...........#
##...##......#
###.#######...
##...# #..
##..### #@o##
#o## #o# ...
#... #....
#####


You could see an orc wizard and 2 orcs.

Vanquished Creatures
  An orc wizard (D:3)
  5 adders
  A dart slug (D:2)
  6 orcs (D:3)
  8 ball pythons
  3 endoplasms
  3 giant cockroaches
  4 goblins
  3 hobgoblins (D:1)
  3 jackals (D:1)
  10 bats
  2 frilled lizards (D:2)
  7 kobolds
  7 rats
63 creatures vanquished.

Notes
Turn   | Place    | Note
-------+----------+-------------------------------------------
     0 | D:1      | qw the Deep Elf Hunter began the quest for the Orb.
     0 | D:1      | Reached XP level 1. HP: 12/12 MP: 3/3
     0 | D:1      | 0 ||| qw: Version: 0.3-a-22-g0ed2b0b
     0 | D:1      | 0 ||| qw: Game counter: 6200
     0 | D:1      | 0 ||| qw: Melee chars always use a shield: true
     0 | D:1      | 0 ||| qw: God list: Okawaru
     0 | D:1      | 0 ||| qw: Allow faded altars: false
     0 | D:1      | 0 ||| qw: Do Orc after clearing Dungeon:15 true
     0 | D:1      | 0 ||| qw: Do second Lair branch before Depths: true
     0 | D:1      | 0 ||| qw: Lair rune preference: random
     0 | D:1      | 0 ||| qw: Goals: Normal
     0 | D:1      | 0 ||| PLANNING D:1-11
   102 | D:1      | Reached XP level 2. HP: 15/16 MP: 4/4
   119 | D:1      | Reached skill level 6 in Ranged Weapons
   538 | D:1      | 538 ||| UPGRADING to +0 ring mail.
   548 | D:1      | 548 ||| DROPPING +0 leather armour.
   549 | D:1      | 549 ||| UPGRADING to +5 ring of evasion.
   550 | D:1      | 550 ||| READING scroll labelled YRUOCL RIJEIM.
   551 | D:1      | 551 ||| DROPPING scroll of butterflies.
   600 | D:2      | Reached XP level 3. HP: 20/20 MP: 5/5
   747 | D:2      | Reached skill level 7 in Ranged Weapons
   963 | D:2      | Reached XP level 4. HP: 25/25 MP: 6/6
  1242 | D:2      | Found a runed translucent door.
  1243 | D:2      | Noticed Crazy Yiuf
  1246 | D:2      | 1246 ||| UPGRADING to +0 pair of gloves.
  1251 | D:2      | 1251 ||| READING scroll labelled ELETHO PEJIUHULO.
  1252 | D:2      | 1252 ||| READING 3 scrolls labelled ZIHETOINGUSS.
  1253 | D:2      | 1253 ||| READING scroll labelled HUIZXE QEHIEW.
  1254 | D:2      | 1254 ||| READING scroll labelled KEKLEP PAABLA.
  1255 | D:2      | 1255 ||| READING 2 scrolls of identify.
  1255 | D:2      | 1255 ||| IDENTIFYING lumpy green potion
  1304 | D:3      | Found a faded altar of an unknown god.
  1310 | D:3      | 1310 ||| Stepping ~*~*~tactically~*~*~ (water).
  1319 | D:3      | 1319 ||| Stepping ~*~*~tactically~*~*~ (water).
  1465 | D:3      | Reached skill level 8 in Ranged Weapons
  1477 | D:3      | Reached XP level 5. HP: 29/29 MP: 7/7
  1537 | D:3      | HP: 3/29 [orc/+0 flail (6)]
  1539 | D:3      | HP: 1/29 [orc wizard/+0 dagger (1)]
  1541 | D:3      | Killed from afar by an orc wizard

Levels and vault maps discovered:
D:1:      nicolae_arrival_washed_ashore, layout_rooms, serial_forest,
          infiniplex_forest_split, infiniplex_forest_clump_double,
          infiniplex_forest_clump_small, infiniplex_forest_straight_5,
          infiniplex_forest_clump_C
D:2:      layout_loops_ring, uniq_crazy_yiuf_cottage
D:3:      layout_rooms, hellmonk_ecumenical_altar_pennies_from_heaven

Skill      XL: |  1  2  3  4 |
---------------+-------------+-----
Ranged Weapons | 6 7 8 |  8.4
Fighting       | |  1.5
Dodging        | |  2.4
Stealth        | |  1.2

Action                     |  1- 3 |  4- 6 || total
---------------------------+-------+-------++-------
   Fire: Shortbow          |   108 |    82 ||   190
    Use: Scroll            |     1 |     5 ||     6
 Armour: Leather armour    |     3 |       ||     3
         Ring mail         |     6 |    17 ||    23
  Dodge: Dodged            |    18 |    61 ||    79

Table legend:
 A = Non-vault XP
 B = Vault XP
 C = Vault XP percentage of total XP
 D = Non-vault monster count
 E = Vault monster count
 F = Vault count percentage of total count
                 A         B        C        D         E       F
            +---------+---------+-------+---------+---------+-------
      Total |     202 |       0 |   0.0 |      63 |       0 |   0.0
            +---------+---------+-------+---------+---------+-------
        D:1 |      36 |       0 |   0.0 |      23 |       0 |   0.0
        D:2 |      82 |       0 |   0.0 |      23 |       0 |   0.0
        D:3 |      84 |       0 |   0.0 |      17 |       0 |   0.0
            +---------+---------+-------+---------+---------+-------
